Map: Apotheosis LE

Players

Gracz

  • Race: Zerg Zerg

Varvarici - Winner!

  • Race: Terran Terran

VOD

Have the link to the VOD?

Description

Time

  • Played on: Oct. 20, 2016, 12:23 p.m.
  • Length: 10:01
Show
View Real Time Build Order
Export as new Build Order

Gracz Zerg 

Build Orders: Hatch First 

Get SALT Encoding   

  12  0:02  Drone  
  13  0:11  Drone  
  14  0:17  Overlord  
  14  0:39  Drone x2  
  14  0:40  Drone  
  17  0:56  Unknown, Hatchery  
  16  1:05  Drone x2  
  16  1:08  Extractor  
  17  1:18  Spawning Pool  
  16  1:35  Drone x3  
  19  1:55  Extractor, Drone  
  19  2:02  Drone  
  19  2:08  Unknown, Drone x2  
  22  2:19  Queen, Drone  
  22  2:21  Drone  
  26  2:31  Metabolic Boost  
  26  2:35  Queen  
  28  2:38  Overlord x2  
  27  2:58  Roach Warren  
  25  3:05  Drone  
  25  3:06  Drone x2  
  28  3:15  Drone x3  
  31  3:25  Drone  
  32  3:27  Queen x2  
  36  3:49  Zergling x16  
  44  4:12  Overlord x2  
  44  4:26  Overlord  
  44  4:27  Overlord  
  44  4:33  Roach x4  
  52  4:45  Roach x2  
  56  4:49  Drone  
  57  4:58  Roach  
  59  5:15  Lair  
  59  5:18  Drone  
  59  5:19  Drone x5  
  65  5:21  Overlord x2  
  65  6:01  Roach x4  
  65  6:02  Roach x2  
  70  6:23  Glial Reconstitution  
  70  6:24  Drone x3  
  70  6:25  Drone  
  73  6:36  Evolution Chamber  
  73  6:39  Evolution Chamber  
  63  6:48  Drone  
  63  6:52  Extractor  
  63  6:54  Extractor, Queen x2  
  66  7:09  Unknown, Hatchery  
  66  7:13  Roach  
  66  7:14  Roach x5  
  77  7:26  Drone x2  
  77  7:29  Queen x2  
  83  7:54  Zerg Melee Weapons Level 1, Zerg Ground Armor Level 1  
  83  8:05  Pneumatized Carapace  
  63  8:20  Unknown  
  63  8:23  Roach  
  63  8:24  Roach x10  
  57  8:58  Spine Crawler  
  57  8:59  Spine Crawler  
  57  9:02  Spine Crawler  
  54  9:03  Overlord x4  
  46  9:33  Roach x6  
  58  9:46  Infestation Pit  
  58  9:50  Hydralisk Den  
Show
View Real Time Build Order
Export as new Build Order

Varvarici Terran - Winner!

Build Orders: Reaper Expand, MMM Bio 

Get SALT Encoding   

  12  0:00  SCV  
  13  0:13  SCV  
  14  0:25  SCV  
  14  0:27  Supply Depot  
  15  0:30  Refinery  
  15  0:48  SCV  
  16  0:50  Barracks  
  16  1:00  SCV  
  16  1:03  Supply Depot  
  17  1:12  SCV  
  18  1:26  SCV  
  19  1:37  Reaper  
  20  1:45  Refinery  
  20  1:53  Unknown, Command Center  
  20  2:04  Barracks  
  20  2:15  Barracks Tech Lab  
  20  2:20  SCV  
  21  2:26  Barracks  
  21  2:32  SCV  
  22  2:44  SCV  
  23  3:04  Barracks Reactor, Unknown  
  23  3:10  Factory  
  23  3:13  Stimpack  
  23  3:14  Marauder  
  23  3:15  Barracks Reactor  
  23  3:18  SCV  
  26  3:21  SCV  
  27  3:34  SCV  
  28  3:35  Marauder  
  30  3:56  Marauder  
  30  3:58  Marine  
  30  3:59  Marine  
  30  4:01  SCV x2  
  36  4:04  Factory Tech Lab  
  36  4:12  Starport  
  36  4:13  SCV  
  36  4:15  SCV  
  38  4:18  Marauder  
  38  4:21  Marine x2  
  42  4:34  Siege Tank  
  45  4:41  Supply Depot  
  45  4:49  SCV  
  45  4:50  Starport Reactor  
  46  4:58  Supply Depot  
  46  5:02  Marine x2  
  46  5:03  SCV, Marauder  
  46  5:06  Engineering Bay  
  51  5:10  Siege Tank  
  54  5:18  Combat Shields  
  54  5:19  SCV  
  55  5:24  Marauder  
  57  5:32  Barracks  
  57  5:34  SCV x2  
  59  5:40  Supply Depot  
  59  5:46  SCV  
  60  5:50  Medivac  
  62  5:58  Supply Depot  
  62  6:00  Orbital Command  
  62  6:02  Medivac  
  64  6:07  Siege Tank  
  67  6:16  Terran Infantry Weapons Level 1  
  67  6:31  Missile Turret  
  67  6:35  Refinery  
  67  6:36  SCV x2  
  67  6:37  Refinery  
  69  6:40  Marine x4  
  69  6:45  Barracks Tech Lab  
  73  6:47  Siege Tank  
  73  6:48  Marine  
  73  6:53  Missile Turret  
  77  6:58  Marine  
  78  7:27  Supply Depot  
  78  7:41  Starport Reactor  
  78  7:42  Supply Depot  
  78  7:47  Supply Depot  
  78  7:48  Marine x4  
  78  7:49  SCV, Marauder  
  85  7:51  Orbital Command  
  85  7:55  Supply Depot  
  81  8:10  Marine x4, Marauder  
  81  8:11  Marine  
  88  8:28  Marine x2  
  88  8:29  Marauder  
  88  8:32  Marauder  
  91  8:39  Marine x2  
  93  8:43  SCV x2  
  93  8:46  Marine x2  
  97  8:50  Marauder  
  97  8:53  Marauder  
  101  8:55  SCV  
  101  8:56  Medivac, Marine  
  101  8:57  Medivac, Marine  
  108  9:03  Marine  
  108  9:04  Marine  
  110  9:16  Marauder  
  110  9:19  Marauder  
  109  9:26  Siege Tank  
  109  9:36  Supply Depot  
  109  9:37  Supply Depot  
  110  9:50  Unknown, Command Center  
Tags
 
Add a new tag
Caveats
  • Supply blocks, unpowered buildings, or Contaminate may cause inaccurate times.
  • Supply counts are checked every 10 seconds.